AoeStats
← lum3n

Arabia

506401675Analyzed
1v1 RM · 19d ago on Sep 13, 2026· 28m 39s· 2 players
Game mode
Random Map
Map size
Tiny (2 player)
Population
200
Speed
Normal
Resources
Standard
Victory
Conquest
Starting age
Dark Age
Ending age
Imperial Age
RankedLock teamsTeams togetherTeam positionsShared explorationLock speedFull tech treeHidden civsTurbo modeCheats
Victory
Defeat
🇩🇪 Wei · Germany
1205
+16
🇺🇸 Magyars · United States
1207
-16
ihate
10:24 Feudal Age
8:41 Loom
10:56 Double-Bit Axe
10:54 Horse Collar
21:59 Castle Age
20:12 Bloodlines
20:18 Gold Mining
20:44 Scale Barding Armor
22:27 Forging
23:22 Husbandry
26:05 Chain Barding Armor
lum3n
6:50 Loom
9:44 Feudal Age
11:29 Double-Bit Axe
18:54 Fletching
22:02 Castle Age
23:20 Bloodlines
23:17 Bodkin Arrow
23:23 Husbandry
23:18 Gold Mining
23:52 Padded Archer Armor
24:06 Thumb Ring
Connection lost

Rejoining the realm…

Still unreachable

The connection could not be restored.

Session expired

The server has moved on; the page needs a fresh start.